 Dungeon Crawl Stone Soup version 0.29-a0-923-g6e406bff71 (console) character file.

Game seed: 754556354160014821

1956 Ignak the Magician (level 9, -6/97 HPs)
             Began as a Gnoll Air Elementalist on July 28, 2022.
             Was a Believer of Vehumet.
             Killed from afar by an electric eel (18 damage)
             ... with a bolt of electricity
             ... on level 6 of the Dungeon.
             The game lasted 00:26:27 (8971 turns).

Ignak the Magician (Gnoll Air Elementalist)         Turns: 8971, Time: 00:26:27

Health: -6/97      AC:  9    Str:  7    XL:     9   Next: 19%
Magic:  16/18      EV: 14    Int: 19    God:    Vehumet [**....]
Gold:   275        SH:  0    Dex: 13    Spells: 9/21 levels left

rFire   . . .      SeeInvis +   b - +2 halberd (protect)
rCold   . . .      Faith    .   (shield currently unavailable)
rNeg    . . .      Spirit   .   l - +0 robe
rPois   .          Reflect  .   j - +2 hat
rElec   .          Harm     .   k - +2 cloak of the Thief {*Fog Slay-2 SInv Stlth+}
rCorr   .          Rampage  .   c - +0 pair of gloves
Will    .....                   r - +0 pair of boots
Stlth   ..........              (no amulet)
HPRegen 0.26/turn               (no ring)
MPRegen 0.16/turn               (no ring)

@: berserking, very quick
A: fangs 1, strong nose, distributed training
a: Renounce Religion


You were on level 6 of the Dungeon.
You worshipped Vehumet.
Vehumet was pleased with you.
You visited 2 branches of the dungeon, and saw 7 of its levels.
You also visited: Sewer.

You collected 275 gold pieces.

Inventory:

Hand Weapons
 a - a +1 whip of electrocution
 b - a +2 halberd of protection (weapon)
Armour
 c - a +0 pair of gloves (worn)
 j - a +2 hat (worn)
 k - the +2 cloak of the Thief (worn) {*Fog Slay-2 SInv Stlth+}
   (You found it on level 2 of the Dungeon)

   It may release a thick cloud of smoke when the wearer is hurt.
   Slay:      It affects your accuracy & damage with ranged weapons and melee
   (-2).
   SInv:      It lets you see invisible.
   Stlth:     It makes you more stealthy.
 l - a +0 robe (worn)
 r - a +0 pair of boots (worn)
Jewellery
 d - a ring of flight
 h - a ring of see invisible
Scrolls
 g - 4 scrolls of blinking
 p - a scroll of amnesia
 t - a scroll of silence
Potions
 e - a potion of haste
 f - 7 potions of cancellation
 i - a potion of might
 n - a potion of magic
 o - a potion of flight


   Skills:
 + Level 4.1 Fighting
 + Level 4.1 Short Blades
 + Level 4.1 Long Blades
 + Level 4.1 Axes
 + Level 4.1 Maces & Flails
 + Level 4.1 Polearms
 + Level 4.1 Staves
 + Level 4.1 Ranged Weapons
 + Level 4.1 Throwing
 + Level 4.1 Armour
 + Level 6.2 Dodging
 + Level 6.0 Stealth
 + Level 4.1 Shields
 + Level 4.1 Unarmed Combat
 + Level 6.6 Spellcasting
 + Level 4.1 Conjurations
 + Level 3.4 Hexes
 + Level 3.4 Summonings
 + Level 3.4 Necromancy
 + Level 3.4 Translocations
 + Level 3.4 Transmutations
 + Level 3.4 Fire Magic
 + Level 3.4 Ice Magic
 + Level 6.5 Air Magic
 + Level 3.4 Earth Magic
 + Level 3.4 Poison Magic
 + Level 4.5 Invocations
 + Level 4.1 Evocations


You had 9 spell levels left.
You knew the following spells:

 Your Spells              Type           Power      Damage    Failure   Level
a - Shock                 Conj/Air       100%       1d9       1%          1
b - Swiftness             Air            31%        N/A       2%          3
c - Frozen Ramparts       Ice            38%        1d5       8%          3
d - Mephitic Cloud        Conj/Pois/Air  24%        N/A       4%          3
z - Static Discharge      Conj/Air       26%        3-7/arc   1%          2

Your spell library contained the following spells:

 Spells                   Type           Power      Damage    Failure   Level
 Sandblast                Erth           38%        2d10      2%          1
 Airstrike                Air            15%        0-6+      7%          4
 Ignite Poison            Fire/Tmut/Pois 19%        N/A       8%          3
 Freezing Cloud           Conj/Ice/Air   12%        6-21      38%         5
 Fireball                 Conj/Fire      10%        3d6       52%         5
 Iron Shot                Conj/Erth      10%        9d3       98%         6
 Starburst                Conj/Fire      10%        6d5       98%         6
 Ignition                 Fire           9%         3d5       100%        8
 Lehudib's Crystal Spear  Conj/Erth      10%        10d4      100%        8


Dungeon Overview and Level Annotations

Branches:
Dungeon (6/15)             Temple (1/1) D:4           Sewer (visited)

Altars:
Ashenzari
Cheibriados
Dithmenos
Elyvilon
Fedhas
Gozag
Hepliaklqana
Kikubaaqudgha
Makhleb
Nemelex Xobeh
Okawaru
Qazlal
Ru
Sif Muna
Trog
Uskayaw
Vehumet
Xom
Yredelemnul
Zin
The Shining One

Shops:
D:5 (

Annotations:
D:4 3 runed translucent doors, RichitheSlayer's ghost, amateur HOFi


Innate Abilities, Weirdness & Mutations

You have very sharp teeth.
Your uncanny sense of smell can sniff out nearby items.
Your experience applies equally to all skills.


Message History

The electric eel completely resists.
You closely miss the electric eel.
The electric eel is heavily wounded.
The electric eel shoots out a bolt of lightning at you!
The bolt of electricity hits you!
With a swish of your cloak, you release a cloud of fog.
The bolt of electricity misses you.
The bolt of electricity hits the electric eel.
The electric eel completely resists.
You barely miss the electric eel. Your bite misses the electric eel.
The electric eel is heavily wounded.
You closely miss the electric eel.
You bite the electric eel, but do no damage.
The electric eel is heavily wounded.
The electric eel shoots out a bolt of lightning at you!
The bolt of electricity hits you! The bolt of electricity hits you.
The bolt of electricity hits the electric eel.
The electric eel completely resists.
Press: ? - help, v - describe, . - travel
Here: an electric eel (blue smoke, heavily wounded) Some shallow water.
Unknown command.
Casting: Static Discharge (safe; 1% risk of failure)
Confirm with . or Enter, or press ? or * to list all spells.
The air crackles with electrical energy.
The electric eel shoots out a bolt of lightning at you!
The bolt of electricity hits you!
* * * LOW HITPOINT WARNING * * *
The bolt of electricity hits you!
* * * LOW HITPOINT WARNING * * *
With a swish of your cloak, you release a cloud of fog.
The bolt of electricity misses the electric eel.
Okay, then.
A red film seems to cover your vision as you go berserk!
You feel yourself moving faster!
You feel mighty!
You miss the electric eel.
The electric eel is heavily wounded.
The electric eel shoots out a bolt of lightning at you!
The bolt of electricity hits you!!
You die...

#≈≈≈≈≈≈≈≈#*+**,,,,,,,,,,,,,,*****
≈≈≈≈≈≈≈≈≈#,,,*,,,,,∆,,,,,,,,+,,,,
≈≈≈≈≈≈≈≈≈#,,,*,,,,,,,,,,,,,,*,,,,
≈≈≈≈≈≈≈≈≈#,,,####################
≈≈≈≈≈≈≈≈≈#####≈≈≈≈≈≈≈≈≈≈≈≈≈≈≈≈≈≈≈
≈≈≈≈≈≈≈≈≈≈≈≈≈≈≈≈≈≈≈≈≈≈≈≈≈≈≈≈≈≈≈≈≈
≈≈≈≈≈≈≈≈≈≈≈≈((§§§§§≈≈≈≈≈≈≈≈≈≈≈≈≈≈
.≈≈.≈≈...≈≈≈≈≈§S§§§.≈≈≈..≈..≈.≈..
..............§§@§§..............
..............§§§§...............
###.###.#.....§§§§######.........
#.# #...........# #.........
##.#####.........# ##...#####
#...............(# #...#
##.###...........# #...# #.#
#.#.........# #...# #<#
#.#.........# #######


You could see an electric eel.

Vanquished Creatures
  An unseen horror (D:6)
  3 black bears
  3 kobold brigands
  A necrophage (D:5)
  6 scorpions
  2 electric eels (D:6)
  2 howler monkeys (D:4)
  3 hounds
  A jelly (D:6)
  2 orc priests (D:6)
  3 iguanas
  3 orc wizards (D:6)
  8 gnolls
  12 adders
  A shadow imp (D:6)
  2 ufetubi
  2 worms
  3 dart slugs
  15 orcs
  14 ball pythons
  2 bats
  7 endoplasms
  7 giant cockroaches
  4 goblins
  7 hobgoblins
  2 jackals (D:1)
  4 quokkas
  4 frilled lizards
  28 kobolds
  13 rats
  A spectral kobold (D:1)
166 creatures vanquished.

Vanquished Creatures (others)
  4 plants
  3 withered plants (D:3)
7 creatures vanquished.

Grand Total: 173 creatures vanquished

Notes
Turn   | Place    | Note
-------+----------+-------------------------------------------
     0 | D:1      | Ignak the Gnoll Air Elementalist began the quest for the
                  | Orb.
     0 | D:1      | Reached XP level 1. HP: 13/13 MP: 6/6
   123 | D:1      | Reached XP level 2. HP: 19/20 MP: 5/7
   211 | D:1      | Learned a level 2 spell: Static Discharge
   748 | D:1      | Found a faded altar of an unknown god.
  1072 | D:1      | Reached skill level 5 in Spellcasting
  1072 | D:1      | Reached XP level 3. HP: 21/25 MP: 7/9
  1232 | D:2      | Found the +2 cloak of the Thief {*Fog Slay-2 SInv Stlth+}
  1239 | D:1      | Learned a level 3 spell: Swiftness
  1257 | D:2      | Reached skill level 1 in Invocations
  1610 | D:2      | Reached skill level 1 in Fighting
  1610 | D:2      | Reached skill level 1 in Short Blades
  1610 | D:2      | Reached skill level 1 in Long Blades
  1610 | D:2      | Reached skill level 1 in Axes
  1610 | D:2      | Reached skill level 1 in Maces & Flails
  1610 | D:2      | Reached skill level 1 in Polearms
  1610 | D:2      | Reached skill level 1 in Staves
  1610 | D:2      | Reached skill level 1 in Ranged Weapons
  1610 | D:2      | Reached skill level 1 in Throwing
  1610 | D:2      | Reached skill level 1 in Armour
  1610 | D:2      | Reached skill level 1 in Shields
  1610 | D:2      | Reached skill level 1 in Unarmed Combat
  1610 | D:2      | Reached skill level 1 in Evocations
  2345 | D:3      | Noticed a scorpion
  2357 | D:3      | Killed a scorpion
  2358 | D:3      | Reached skill level 1 in Hexes
  2358 | D:3      | Reached skill level 1 in Summonings
  2358 | D:3      | Reached skill level 1 in Necromancy
  2358 | D:3      | Reached skill level 1 in Translocations
  2358 | D:3      | Reached skill level 1 in Transmutations
  2358 | D:3      | Reached skill level 1 in Fire Magic
  2358 | D:3      | Reached skill level 1 in Ice Magic
  2358 | D:3      | Reached skill level 1 in Earth Magic
  2358 | D:3      | Reached skill level 1 in Poison Magic
  2358 | D:3      | Reached XP level 4. HP: 19/32 MP: 8/11
  2544 | D:3      | Reached XP level 5. HP: 33/37 MP: 7/12
  2953 | D:3      | Learned a level 3 spell: Mephitic Cloud
  3272 | D:3      | Found an ancient bone altar of Kikubaaqudgha.
  3626 | D:4      | Reached XP level 6. HP: 41/44 MP: 5/14
  3627 | D:4      | Reached skill level 5 in Dodging
  3627 | D:4      | Found a runed translucent gate.
  3627 | D:4      | Found a runed translucent gate.
  3627 | D:4      | Found a runed translucent gate.
  3630 | D:4      | Noticed RichitheSlayer's ghost (amateur HOFi)
  3661 | D:4      | Found a staircase to the Ecumenical Temple.
  3667 | Temple   | Entered the Ecumenical Temple
  3751 | Temple   | Became a worshipper of Vehumet
  4268 | D:4      | Reached XP level 7. HP: 50/50 MP: 15/15
  4540 | D:4      | Reached skill level 5 in Stealth
  5014 | D:5      | Entered Level 5 of the Dungeon
  5176 | D:5      | Found an opulent altar of Gozag.
  5183 | D:5      | Found a hide-covered altar of Uskayaw.
  5183 | D:5      | Found a shimmering altar of Xom.
  5194 | D:5      | Got the Collected Works on Wintry Blasting
  5208 | D:5      | Learned a level 3 spell: Frozen Ramparts
  5210 | D:5      | Found a snail-covered altar of Cheibriados.
  5216 | D:5      | Found a sacrificial altar of Ru.
  5329 | D:5      | Found a glowing silver altar of Zin.
  5512 | D:5      | Reached * piety under Vehumet
  5512 | D:5      | Offered knowledge of Foxfire by Vehumet.
  5567 | D:5      | Reached XP level 8. HP: 47/58 MP: 11/16
  5969 | D:5      | Found Taqyol's Antique Weapon Shoppe.
  6121 | D:6      | Found a glowing drain.
  6140 | Sewer    | Entered a sewer
  7127 | D:6      | Reached ** piety under Vehumet
  7226 | D:6      | Offered knowledge of Sandblast by Vehumet.
  8137 | D:6      | Noticed an unseen horror
  8157 | D:6      | Killed an unseen horror
  8158 | D:6      | Reached XP level 9. HP: 25/65 MP: 11/18
  8971 | D:6      | Killed from afar by an electric eel

Illustrated notes

Levels and vault maps discovered:
D:1:      dpeg_arrival_round_b, layout_loops_ring, serial_forest,
          infiniplex_forest_end_double, infiniplex_forest_lined_room_2,
          infiniplex_forest_clump_curved, infiniplex_forest_zigzag_1,
          infiniplex_forest_straight_3, infiniplex_forest_fountain,
          infiniplex_forest_lined_4_way, infiniplex_forest_clump_double,
          dreamdust_ecumenical_altar_drowned_temple
D:2:      layout_loops_ring
D:3:      layout_basic, kiku_gazebo_garden_becter
D:4:      layout_layer_cave, minmay_temple_entry_hall,
          gammafunk_ghost_necromancy
D:5:      layout_loops_ring, mainiacjoe_overflow_chevrons,
          minmay_overflow_temple_star_hex, serial_shops, kennysheep_mini
D:6:      minmay_goblin_kobold_castle, layout_basic, gup_sewer_entry_glass
Temple:   eino_temple_lava

Skill      XL: |  1  2  3  4  5  6  7  8  9 |
---------------+----------------------------+-----
Conjurations   | 2 3 4 |  4.1
Spellcasting   | 5 6 |  6.6
Invocations    | 1 2 3 4 |  4.5
Fighting       | 1 2 3 4 |  4.1
Short Blades   | 1 2 3 4 |  4.1
Long Blades    | 1 2 3 4 |  4.1
Axes           | 1 2 3 4 |  4.1
Maces & Flails | 1 2 3 4 |  4.1
Polearms       | 1 2 3 4 |  4.1
Staves         | 1 2 3 4 |  4.1
Ranged Weapons | 1 2 3 4 |  4.1
Throwing       | 1 2 3 4 |  4.1
Armour         | 1 2 3 4 |  4.1
Shields        | 1 2 3 4 |  4.1
Unarmed Combat | 1 2 3 4 |  4.1
Evocations     | 1 2 3 4 |  4.1
Hexes          | 1 2 3 |  3.4
Summonings     | 1 2 3 |  3.4
Necromancy     | 1 2 3 |  3.4
Translocations | 1 2 3 |  3.4
Transmutations | 1 2 3 |  3.4
Fire Magic     | 1 2 3 |  3.4
Ice Magic      | 1 2 3 |  3.4
Earth Magic    | 1 2 3 |  3.4
Poison Magic   | 1 2 3 |  3.4
Dodging        | 5 6 |  6.2
Stealth        | 5 6 |  6.0
Air Magic      | 6 |  6.5

Action                   |  1- 3 |  4- 6 |  7- 9 || total
-------------------------+-------+-------+-------++-------
Melee: Dagger            |    21 |       |       ||    21
       Bite              |     5 |       |    17 ||    22
       Whip              |    29 |    24 |       ||    53
       Punch             |     1 |       |       ||     1
       Halberd           |       |    39 |   217 ||   256
Throw: Dart              |       |       |    11 ||    11
       Throwing net      |       |       |     1 ||     1
 Cast: Shock             |    24 |    23 |     2 ||    49
       Static Discharge  |    12 |     8 |    32 ||    52
       Mephitic Cloud    |       |     1 |    13 ||    14
       Frozen Ramparts   |       |       |    14 ||    14
  Use: Scroll            |     6 |     3 |     6 ||    15
       Potion            |       |     2 |     8 ||    10
 Stab: Sleeping          |     5 |     8 |    14 ||    27
       Confused          |       |       |     4 ||     4
Armor: Robe              |    23 |    29 |    92 ||   144
Dodge: Dodged            |    55 |    53 |   171 ||   279

Table legend: (Time is in decaauts)
 A = Elapsed time spent in this place.
 B = Non-inter-level travel time spent in this place.
 C = Inter-level travel time spent in this place.
 D = Time resting spent in this place.
 E = Time spent auto-exploring this place.
 F = Levels seen in this place.
 G = Mean time per level.
                   A        B        C        D        E       F      G
               +--------+--------+--------+--------+--------+-----+--------+
         Total |   9091 |   8962 |    129 |   2743 |   3803 |   8 | 1136.4 |
       Dungeon |   8458 |   8329 |    129 |   2524 |   3731 |   6 | 1409.7 |
        Temple |     92 |     92 |      0 |      0 |      0 |   1 |   92.0 |
         Sewer |    539 |    539 |      0 |    219 |     72 |   1 |  539.0 |
               +--------+--------+--------+--------+--------+-----+--------+

Top non-repeatable levels by time:
     D:6: 2487 daAuts
     D:2: 1644 daAuts
     D:4: 1401 daAuts
     D:1: 1254 daAuts
     D:5: 1013 daAuts
     D:3: 657 daAuts
   Sewer: 539 daAuts
  Temple: 92 daAuts
